 Dungeon Crawl Stone Soup version 0.29.0-11-gd7f09526c8 (webtiles) character file.

Game seed: 3234144336341562823

32 avis the Caller (level 3, -1/14 HPs)
             Began as a Felid Summoner on Sept 4, 2022.
             Slain by an adder (3 damage)
             ... on level 1 of the Dungeon.
             The game lasted 00:07:27 (990 turns).

avis the Caller (Felid Summoner)                     Turns: 990, Time: 00:07:29

Health: -1/14      AC:  1    Str:  4    XL:     3   Next: 10%
Magic:  5/8        EV: 17    Int: 18    God:
Gold:   31         SH:  0    Dex: 16    Spells: 2/8 levels left
                                        Lives:  0   Deaths: 0

rFire   . . .      SeeInvis +   (weapon unavailable)
rCold   + . .      Faith    .   (shield unavailable)
rNeg    . . .      Spirit   .   (body armour unavailable)
rPois   .          Reflect  .   (helmet unavailable)
rElec   .          Harm     .   (cloak unavailable)
rCorr   .          Rampage  .   (gloves unavailable)
Will    .....                   (boots unavailable)
Stlth   ++........              (no amulet)
HPRegen 0.04/turn               c - ring of protection from cold
MPRegen 0.11/turn               (no ring)

@: lethally poisoned (-1 -> -5), quick
A: very small, claws 1, fangs 3, see invisible, speed 1, shaggy fur 1, stealthy
paws, no weapons or thrown items, no armour, multi-lived
a: no special abilities


You were on level 1 of the Dungeon.
You visited 1 branch of the dungeon, and saw 2 of its levels.

You collected 31 gold pieces.

Inventory:

Jewellery
 c - a ring of protection from cold (left paw)
Scrolls
 b - 2 scrolls of magic mapping {unknown}
 e - 5 scrolls of identify {unknown}
 f - a scroll of teleportation {unknown}
 g - a scroll of poison {unknown}
Potions
 a - a potion of magic
 d - a potion of heal wounds {unknown}


   Skills:
 - Level 2.6 Dodging
 - Level 2.6 Stealth
 * Level 3.0 Spellcasting
 + Level 4.3 Summonings


You had 2 spell levels left.
You knew the following spells:

 Your Spells              Type           Power      Damage    Failure   Level
a - Summon Small Mammal   Summ           72%        N/A       2%          1
c - Call Imp              Summ           18%        N/A       4%          2
d - Call Canine Familiar  Summ           18%        N/A       9%          3

Your spell library contained the following spells:

 Spells                   Type           Power      Damage    Failure   Level
 Summon Guardian Golem    Hex/Summ       10%        N/A       21%         3
 Summon Lightning Spire   Summ/Air       10%        N/A       54%         4


Dungeon Overview and Level Annotations

Branches:
Dungeon (2/15)

Altars:

Annotations:
D:2 Jessica


Innate Abilities, Weirdness & Mutations

You have sharp claws.
You have razor-sharp teeth.
You have supernaturally acute eyesight. (SInv)
You cover ground quickly. (Speed+)
You are covered in fur. (AC +1)
Your paws help you pounce on unaware monsters.
You are incapable of wielding weapons or throwing items.
You cannot wear armour.
You gain extra lives every three experience levels.


Message History

Jessica blinks!
The adder barely misses you. The hobgoblin closely misses you.
You climb upwards.
There is a stone staircase leading down here.
Casting: Call Canine Familiar (astonishingly dangerous; 9% risk of failure)
Confirm with . or Enter, or press ? or * to list all spells.
The spell is astonishingly dangerous to miscast (9% risk of failure)!
Continue anyway?
The adder misses you. x2
You scratch the adder.
The adder is moderately wounded.
The adder bites you.
You are poisoned.
The adder poisons you! The adder barely misses you.
Your hound bites the adder.
The adder misses you. The adder bites you.
You are lethally poisoned!
The adder poisons you!
You completely miss the adder. You bite the adder.
The adder is severely wounded.
You feel very sick.
Your hound closely misses the adder.
The adder closely misses you. The adder barely misses you.
Your hound bites the adder.
Unknown command.
You barely miss the adder. Your bite misses the adder.
The adder is severely wounded.
You feel sick. The adder barely misses you. The adder closely misses you.
Your hound barely misses the adder.
Unknown command.
You scratch the adder.
The adder is almost dead.
You feel sick. The adder misses you. The adder bites you.
* * * LOW HITPOINT WARNING * * *
Your hound closely misses the adder.
The adder barely misses you.
Your hound closely misses the adder.
The adder completely misses you.
Unknown command.
You miss the adder.
The adder is almost dead.
* * * LOW HITPOINT WARNING * * *
You feel sick.
Your hound bites the adder.
The adder dies!
The adder bites you.
You die...

#..# #..†..# ##.# ####..#
#.# #..# #.# #..# #.#
#..# #.# #..# #.# #..#
#####.##############..#
#.........gS@†h.......#
###.....#########.......#
#.......# #.#######
##.#.....# #.# #........#
#.# #..###.### #.# #..#
#.# #.# #..# #.# #.# #..#
#.# #.#


You could see an adder, a hobgoblin and a friendly hound (summoned).

Vanquished Creatures
  2 bats (D:1)
  A rat (D:1)
3 creatures vanquished.

Vanquished Creatures (collateral kills)
  An adder (D:1)
  3 dart slugs (D:1)
  5 ball pythons (D:1)
  A bat (D:1)
  An endoplasm (D:1)
  A giant cockroach (D:1)
  2 goblins (D:1)
  2 hobgoblins (D:1)
  3 kobolds (D:1)
  2 frilled lizards (D:1)
  2 rats (D:1)
23 creatures vanquished.

Grand Total: 26 creatures vanquished

Notes
Turn   | Place    | Note
-------+----------+-------------------------------------------
     0 | D:1      | avis the Felid Summoner began the quest for the Orb.
     0 | D:1      | Reached XP level 1. HP: 7/7 MP: 4/4
   160 | D:1      | Reached XP level 2. HP: 11/11 MP: 4/6
   163 | D:1      | Learned a level 2 spell: Call Imp
   364 | D:1      | Found a faded altar of an unknown god.
   645 | D:1      | Reached XP level 3. HP: 11/14 MP: 6/8
   704 | D:1      | Learned a level 3 spell: Call Canine Familiar
   950 | D:2      | Noticed Jessica
   990 | D:1      | Slain by an adder

Illustrated notes

Levels and vault maps discovered:
D:1:      amcnicky_arrival_blooded_trapdoor, layout_loops_ring,
          ebering_ecumenical_altar_mist, minmay_misc_feat_diagonals
D:2:      layout_rooms, basic_altar, serial_shops, nicolae_shop_hallway_stairs,
          feat_on_display, uniq_jessica

Skill      XL: |  1  2 |
---------------+-------+-----
Spellcasting   | 3 |  3.0
Dodging        | |  2.6
Stealth        | |  2.6
Summonings     | |  4.3

Action                   || total
-------------------------++-------
Melee: Unarmed           ||    19
       Punch             ||     1
       Bite              ||     2
 Cast: Summon Small Mamm ||    16
       Call Imp          ||     8
       Call Canine Famil ||     3
 Stab: Sleeping          ||     1
Armor: Skin              ||     2
Dodge: Dodged            ||    38
